 Dungeon Crawl Stone Soup version 0.23-a0-80-gc95c2c7 (webtiles) character file.

25 Amnesiac the Gusty (level 2, -1/19 HPs)
             Began as a Mummy Air Elementalist on Aug 12, 2018.
             Slain by a worker ant (8 damage)
             ... on level 5 of the Dungeon.
             The game lasted 00:01:31 (761 turns).

Amnesiac the Gusty (Mummy Air Elementalist)          Turns: 761, Time: 00:01:32

Health: -1/19      AC:  2    Str: 11    XL:     2   Next: 82%
Magic:  6/6        EV: 12    Int: 14    God:
Gold:   78         SH:  0    Dex: 12    Spells: 6/7 levels left

rFire    x . .     SeeInvis .   a - +2 whip (drain)
rCold    + . .     Gourm    .   (no shield)
rNeg     + + +     Faith    .   f - +0 robe
rPois    ∞         Spirit   .   (no helmet)
rElec    .         Reflect  .   (no cloak)
rCorr    .         Harm     .   (no gloves)
MR       .....                  (no boots)
Stlth    ++........             (no amulet)
HPRegen  0.06/turn              g - ring of wizardry
MPRegen  0.10/turn              (no ring)

@: no status effects
A: no food or potions, fire vulnerability, cold resistance 1, negative energy
resistance 3, torment resistance, unbreathing
a: no special abilities


You were on level 5 of the Dungeon.
You were not hungry.

You visited 1 branch of the dungeon, and saw 5 of its levels.

You collected 78 gold pieces.

Inventory:

Hand Weapons
 a - a +2 whip of draining (weapon)
 b - a +0 long sword
 k - a +0 blowgun
Missiles
 d - 13 poisoned needles
Armour
 f - a +0 robe (worn)
Jewellery
 g - a ring of wizardry (left hand)
Scrolls
 c - a scroll of remove curse {!r}
 e - 2 scrolls of identify {!r}
 h - a scroll of enchant armour {!r}
 i - a scroll of blinking {!r, unknown}
 j - a scroll of immolation {!r, unknown}


   Skills:
 - Level 1.5 Dodging
 - Level 1.5 Stealth
 + Level 3.1 Spellcasting
 - Level 0.7 Conjurations
 * Level 3.2 Air Magic


You had 6 spell levels left.
You knew the following spells:

 Your Spells              Type           Power        Failure   Level  Hunger
a - Shock                 Conj/Air       #...         4%          1    N/A

Your spell library contained the following spells:

 Spells                   Type           Power        Failure   Level  Hunger
 Lightning Bolt           Conj/Air       #.........   67%         5    N/A
 Swiftness                Chrm/Air       #.......     7%          2    N/A
 Airstrike                Air            ##........   22%         4    N/A
 Static Discharge         Conj/Air       #.......     12%         3    N/A

Dungeon Overview and Level Annotations

Branches:
Dungeon (5/15)
 Temple: D:4-7

Altars:
Dithmenos

Annotations:
D:1 1 runed door
D:4 Eustachio


Innate Abilities, Weirdness & Mutations

You do not eat or drink.
Your flesh is vulnerable to fire.
You are immune to poison.
Your flesh is cold resistant. (rC+)
You are immune to negative energy. (rN+++)
You are immune to unholy pain and torment.
You can survive without breathing.


Message History

The adder is heavily wounded.
The adder bites you but does no damage. The adder bites you.
* * * LOW HITPOINT WARNING * * *
Unknown command.
You hit the adder.
You kill the adder!
Your Spellcasting skill increases to level 3!
Unknown command.
You start resting.
Magic restored.
You start resting.
Magic restored.
You start resting.
HP restored.
You start resting.
HP restored.
Found a ration.
Found an escape hatch in the floor.
An orc comes into view. It is wielding a club.
An orc is nearby!
There is an escape hatch in the floor here.
You slide downwards.
The hatch slams shut behind you.
Found a ration.
Unknown command.
You open the door.
There is an open door here.
Found a mace.
You open the door.
There is an open door here.
You now have 78 gold pieces (gained 8).
Found a long sword.
Found a stone staircase leading down.
You see here a long sword.
k - a long sword
There is a stone staircase leading down here.
You climb downwards.
A worker ant comes into view.
Found 18 gold pieces.
There is a stone staircase leading up here.
The worker ant twitches its antennae in your direction.
You climb upwards.
There is a stone staircase leading down here.
Adjust (i)tems, (s)pells, or (a)bilities?
Adjust which spell?
Okay, then.
Adjust (i)tems, (s)pells, or (a)bilities?
Adjust which item? (? for menu, Esc to quit)
Okay, then.
Adjust (i)tems, (s)pells, or (a)bilities?
Adjust which item? (? for menu, Esc to quit)
k - a long sword Adjust to which letter? (? for menu, Esc to quit)
b - a long sword;
k - a +0 blowgun
b - a +0 long sword (weapon)
You sense an unholy aura.
a - a +2 whip of draining (weapon)
Eustachio the Magnificent comes into view.
He is wielding a rapier.
Eustachio zaps a wand.
The puff of flame hits you! The fire burns you terribly!
Ouch! That really hurt!
* * * LOW HITPOINT WARNING * * *
It is a wand of flame (15).
There is a stone staircase leading down here.
You climb downwards.
The worker ant bites you!
You die...

#......
#...#.#
##.....#
....#.###
#......####
#.........
+....a.#
#...@..#
#......#
#..$...#
#.##.....
... #.####.
### #.# #
... #.#


You could see a worker ant.

Vanquished Creatures
  An adder (D:3)
  A worm (D:3)
  2 orcs (D:3)
  3 bats
  2 hobgoblins
  A kobold (D:3)
10 creatures vanquished.

Notes
Turn   | Place    | Note
-------+----------+-------------------------------------------
     0 | D:1      | Amnesiac the Mummy Air Elementalist began the quest for the Orb.
     0 | D:1      | Reached XP level 1. HP: 13/13 MP: 4/4
     2 | D:1      | Found a runed door.
   292 | D:3      | Reached XP level 2. HP: 16/19 MP: 5/5
   345 | D:3      | Found a shadowy altar of Dithmenos.
   730 | D:5      | Entered Level 5 of the Dungeon
   748 | D:4      | Noticed Eustachio
   761 | D:5      | Slain by a worker ant

Vault maps used:
D:1:      dpeg_arrival_caged_fury, hangedman_decor_growths, minivault_14
D:2:      first_ration
D:3:      old_standard_altar, ebering_ghost_inner_flame,
          nicolae_dithmenos_shadow_blocks
D:4:      kennysheep_goblin_castle, zin_purify, minmay_temple_entry_hall,
          kennysheep_boxes, uniq_duvessa, uniq_eustachio
D:5:      grunt_temple_overflow_open, minmay_misc_feat_encased, corner_web_ring,
          due_unseen_surprise, uniq_sigmund

Skill      XL: |  1  2 |
---------------+-------+-----
Air Magic      | 3 |  3.2
Spellcasting   | 3 |  3.1
Dodging        | |  1.5
Stealth        | |  1.5
Conjurations   | |  0.7

Action                   || total
-------------------------++-------
Melee: Whip              ||    24
 Cast: Shock             ||    11
  Use: Scroll            ||     3
Armor: Robe              ||     5
Dodge: Dodged            ||    24

Table legend:
 A = Non-vault XP
 B = Vault XP
 C = Vault XP percentage of total XP
 D = Non-vault monster count
 E = Vault monster count
 F = Vault count percentage of total count
 G = Total turns spent on level
                 A         B        C        D         E       F
            +---------+---------+-------+---------+---------+-------
      Total |      36 |       0 |   0.0 |      10 |       0 |   0.0
            +---------+---------+-------+---------+---------+-------
        D:1 |       2 |       0 |   0.0 |       1 |       0 |   0.0
        D:2 |       2 |       0 |   0.0 |       1 |       0 |   0.0
        D:3 |      32 |       0 |   0.0 |       8 |       0 |   0.0
            +---------+---------+-------+---------+---------+-------
